 Dungeon Crawl Stone Soup version 0.31-a0-795-g5eb97db20b (webtiles) character file.

Game seed: 17674771845280565239

23 Maratek the Ruffian (level 2, -1/18 HPs)
             Began as an Octopode Shapeshifter on Sept 18, 2023.
             Slain by a worm (8 damage)
             ... on level 2 of the Dungeon.
             The game lasted 00:01:07 (1021 turns).

Maratek the Ruffian (Octopode Shapeshifter)         Turns: 1021, Time: 00:01:07

Health: -1/18      AC:  1    Str: 13    XL:     2   Next: 95%
Magic:  2/2        EV: 13    Int: 12    God:
Gold:   70         SH:  0    Dex: 11    Spells: 1/1 levels left

rFire   . .          .
                       - Unarmed
rCold   . . .        (no shield)
rNeg    . . .        (helmet currently unavailable)
rPois   .            (no amulet)
rElec   .            (no ring)
rCorr   .            (no ring)
SInv    .            (no ring)
Will    .....        (no ring)
Stlth   ++           (no ring)
HPRegen 0.23/turn    (no ring)
MPRegen 0.08/turn    (no ring)
                     (no ring)

%: no passive effects
@: beast-form
A: beast (slay +1), almost no armour, amphibious, 8 rings, camouflage 1,
gelatinous body 1, (nimble swimmer 1), tentacles
a: Begin Untransformation


You were on level 2 of the Dungeon.
You were a hulking beast.
You visited 1 branch of the dungeon, and saw 2 of its levels.

You collected 70 gold pieces.

Inventory:

Talismans
 b - a beast talisman (active)
 c - a flux talisman
Scrolls
 d - a scroll of butterflies {unknown}
 e - a scroll of poison {unknown}
 f - a scroll of enchant armour {unknown}
Potions
 a - 2 potions of lignification
 g - a potion of might {unknown}


   Skills:
 + Level 1.3 Fighting
 + Level 2.0 Dodging
 + Level 0.6 Stealth
 + Level 3.7 Unarmed Combat
 + Level 3.1 Shapeshifting


You had one spell level left.
You didn't know any spells.
Your spell library contained the following spells:

 Spells                   Type           Power      Damage    Failure   Level
 Ozocubu's Armour         Ice            0%         N/A       69%         3
 Ozocubu's Refrigeration  Ice            0%         4d7       100%        7


Dungeon Overview and Level Annotations

Branches:
Dungeon (2/15)

Altars:


Innate Abilities, Weirdness & Mutations

You are a hulking beast.
Your limbs bulge with bestial killing power. (Slay +1)
You cannot wear most types of armour.
You are amphibious.
You can wear up to eight rings at the same time.
Your skin changes colour to match your surroundings (Stealth+).
Your rubbery body absorbs attacks. (AC +1, EV +1)
((You are camouflaged when in or above water. (Stealth+)))
You have tentacles for arms and can constrict up to eight enemies at once.


Message History

You kill the hobgoblin!
No target in view!
No target in view!
You now have 70 gold pieces (gained 12).
A worm comes into view.
A worm is nearby!
A worm is nearby!
A worm comes into view.
A kobold comes into view. It is wielding a +0 whip.
The worm barely misses you.
You barely miss the worm. Your grab misses the worm.
Your squeeze misses the worm.
The kobold shouts!
You bludgeon the worm! Your grab misses the worm.
The worm is moderately wounded.
The kobold throws a stone.
The stone hits you. The worm bites you.
You tentacle-slap the worm. You grab the worm.
The worm is heavily wounded.
You constrict the worm. The worm bites you but does no damage.
You tentacle-slap the worm.
The worm is almost dead.
You constrict the worm. The worm bites you!
You are too injured to fight recklessly!
You are too injured to fight recklessly!
You are too injured to fight recklessly!
You bludgeon the worm!
You kill the worm!
The kobold throws a stone.
The stone closely misses you. The worm barely misses you.
You tentacle-slap the worm. You grab the worm.
The worm is moderately wounded.
You constrict the worm. You tentacle-slap the worm.
The worm is severely wounded.
You constrict the worm. The worm closely misses you.
You tentacle-slap the worm.
The worm is almost dead.
You constrict the worm, but do no damage.
The worm bites you!
You die...

#..##)#.#..##
.#.# #.
...#.#...# .#..
###.###.#....##
....$.....####
#......##
#......#
#......#
#......#
#..wh..#
#...K..#
#......#
#......#
#.......
#........
#.........
#..........


You could see a worm and a kobold.

Vanquished Creatures
  A worm (D:2)
  3 bats (D:1)
  2 endoplasms (D:1)
  A giant cockroach (D:1)
  3 goblins (D:1)
  2 hobgoblins
  2 kobolds (D:1)
  A ball python (D:2)
  A frilled lizard (D:1)
  A rat (D:1)
17 creatures vanquished.

Notes
Turn   | Place    | Note
-------+----------+-------------------------------------------
     0 | D:1      | Maratek the Octopode Shapeshifter began the quest for the
                  | Orb.
     0 | D:1      | Reached XP level 1. HP: 13/13 MP: 1/1
   355 | D:1      | Reached XP level 2. HP: 18/18 MP: 2/2
  1021 | D:2      | Slain by a worm

Illustrated notes

Levels and vault maps discovered:
D:1:      spicycebolla_arrival_ecumenical, layout_loops_corners,
          minmay_splitting_lines, minmay_misc_feat_iff, grunt_decor_one_mirror,
          minmay_misc_feat_doors
D:2:      layout_basic, nicolae_concentric_dashed_squares_wild,
          minmay_lizard_pond

Action                     || total
---------------------------++-------
  Melee: Unarmed           ||    41
         Constrict         ||    11
         Tentacles         ||     6
         Punch             ||     1
Ability: Begin Untransform ||     1
   Stab: Sleeping          ||     5
 Armour: Skin              ||    15
  Dodge: Dodged            ||    22
   Form: Beast             ||     1

Table legend: (Time is in decaauts)
 A = Elapsed time spent in this place.
 B = Non-inter-level travel time spent in this place.
 C = Inter-level travel time spent in this place.
 D = Time resting spent in this place.
 E = Time spent auto-exploring this place.
 F = Levels seen in this place.
 G = Mean time per level.
                   A        B        C        D        E       F      G
               +--------+--------+--------+--------+--------+-----+--------+
         Total |   1017 |   1006 |     11 |      0 |    864 |   2 |  508.5 |
       Dungeon |   1017 |   1006 |     11 |      0 |    864 |   2 |  508.5 |
               +--------+--------+--------+--------+--------+-----+--------+

Top non-repeatable levels by time:
     D:1: 916 daAuts
     D:2: 100 daAuts
